 Dungeon Crawl Stone Soup version 0.20-a0-464-g526fb3c (webtiles) character file.

674 ololoev the Ruffian (level 7, -1/62 HPs)
             Began as a Troll Fire Elementalist on Jan 11, 2017.
             Was a Priest of Makhleb.
             Slain by an ogre
             ... wielding a +0 giant club
              (33 damage)
             ... on level 4 of the Dungeon.
             The game lasted 00:10:02 (3570 turns).

ololoev the Ruffian (Troll Fire Elementalist)       Turns: 3570, Time: 00:10:02

Health: -1/62      AC:  5    Str: 19    XL:     7   Next: 33%
Magic:  8/8        EV: 11    Int: 11    God:    Makhleb [***...]
Gold:   309        SH:  5    Dex: 10    Spells: 7/8 levels left

rFire  . . .     SeeInvis .       - Unarmed
rCold  . . .     Gourm    +     a - +0 robe
rNeg   . . .     Faith    .     (no shield)
rPois  .         Spirit   .     (helmet restricted)
rElec  .         Reflect  +     (no cloak)
rCorr  .         Harm     .     (gloves unavailable)
MR     +....                    (boots unavailable)
Stlth  +.........               m - +5 amulet of reflection
                                y - ring of protection from magic
                                o - ring of flight

@: lethally poisoned (-1 -> -3)
A: unfitting armour, claws 3, fast metabolism 3, gourmand, regeneration 1,
shaggy fur 1, tough skin 2
a: Minor Destruction, Lesser Servant of Makhleb, Renounce Religion, Evoke Flight


Innate Abilities, Weirdness & Mutations

You are too large for most types of armour.
You have claws for hands.
Your metabolism is lightning-fast.
You like to eat raw meat.
Your natural rate of healing is unusually fast.
You are covered in fur. (AC +1)
You have very tough skin. (AC +2)

Inventory:

Hand Weapons
 s - a +0 dagger of venom
Armour
 a - a +0 robe (worn)
Jewellery
 m - a +5 amulet of reflection (around neck)
 o - a ring of flight (left claw)
 y - a ring of protection from magic (right claw)
Wands
 C - a wand of lightning (11/15)
Scrolls
 e - 4 scrolls of fear {unknown}
 f - 2 scrolls of fog {unknown}
 h - 4 scrolls of remove curse {unknown}
 i - 6 scrolls of amnesia {unknown}
 j - a scroll of recharging {unknown}
 l - 3 scrolls of blinking {unknown}
 p - a scroll of noise {unknown}
 t - 2 scrolls of identify {unknown}
 u - a scroll of immolation {unknown}
 v - 2 scrolls of magic mapping {unknown}
 x - a scroll of random uselessness {unknown}
Potions
 b - 3 potions of curing {unknown}
 k - a potion of beneficial mutation {unknown}
 n - 3 potions of heal wounds {unknown}
 q - a potion of degeneration {unknown}
 r - 2 potions of ambrosia {unknown}
 w - a potion of flight {unknown}
 z - 3 potions of brilliance {unknown}
 A - a potion of lignification {unknown}
 B - a potion of invisibility {unknown}
Comestibles
 c - 6 bread rations
 d - a beef jerky
 g - a meat ration


   Skills:
 + Level 1.0 Fighting
 - Level 0.1 Throwing
 + Level 3.5 Dodging
 - Level 1.0 Stealth
 * Level 5.6 Unarmed Combat
 - Level 1.2 Spellcasting
 - Level 0.6 Conjurations
 - Level 2.1 Fire Magic
 + Level 3.0 Invocations


You had 7 spell levels left.
You knew the following spells:

 Your Spells              Type           Power        Failure   Level  Hunger
a - Flame Tongue          Conj/Fire      #....        21%         1    ##.....


You were on level 4 of the Dungeon.
You worshipped Makhleb.
Makhleb was most pleased with you.
You were very full.

You visited 1 branch of the dungeon, and saw 4 of its levels.
You also visited: Ossuary.

You collected 309 gold pieces.

#.##########...#
#.##.........###
#.##.........# ###
##'##.........# #..
#.............########..
#.......5...............
#........5..............
......O3o...............
......)@...............#
......########.........#
..... #.........# #...
#.........# #..
#.........# #.
########### #

Notes
Turn   | Place    | Note
-------+----------+-------------------------------------------
     0 | D:1      | ololoev the Troll Fire Elementalist began the quest for the Orb.
     0 | D:1      | Reached XP level 1. HP: 16/16 MP: 1/1
    27 | D:1      | Reached skill level 1 in Unarmed Combat
   189 | D:1      | Reached XP level 2. HP: 24/24 MP: 2/2
   364 | D:1      | Reached skill level 2 in Unarmed Combat
   800 | D:2      | Found a burning altar of Makhleb.
   800 | D:2      | Found an ancient bone altar of Kikubaaqudgha.
   978 | D:2      | Became a worshipper of Makhleb the Destroyer
  1051 | D:2      | Reached XP level 3. HP: 24/31 MP: 3/3
  1643 | D:2      | Found a hide-covered altar of Uskayaw.
  1672 | D:2      | Found an iron altar of Okawaru.
  1757 | D:2      | Reached skill level 1 in Invocations
  1789 | D:2      | Reached skill level 3 in Unarmed Combat
  2020 | D:3      | Reached XP level 4. HP: 39/39 MP: 4/4
  2222 | D:3      | Found an opulent altar of Gozag.
  2223 | D:3      | Found a sparkling altar of Nemelex Xobeh.
  2258 | D:3      | Reached * piety under Makhleb
  2489 | D:4      | Found a sand-covered staircase.
  2493 | Ossuary  | Entered an ossuary
  2519 | Ossuary  | Reached XP level 5. HP: 42/45 MP: 5/5
  2562 | Ossuary  | Reached skill level 4 in Unarmed Combat
  2635 | Ossuary  | Reached XP level 6. HP: 50/53 MP: 6/6
  2669 | Ossuary  | Reached ** piety under Makhleb
  2735 | Ossuary  | Reached skill level 5 in Unarmed Combat
  2784 | Ossuary  | Reached XP level 7. HP: 50/59 MP: 8/8
  2917 | D:4      | Noticed Robin
  3136 | D:4      | Killed Robin
  3558 | D:4      | Reached *** piety under Makhleb
  3558 | D:4      | Reached skill level 1 in Fighting
  3570 | D:4      | Slain by an ogre

Dungeon Overview and Level Annotations

Branches:
Dungeon (4/15)
 Temple: D:4-7

Altars:
Gozag
Kikubaaqudgha
Makhleb
Nemelex Xobeh
Okawaru
Uskayaw


Message History

The ogre shouts!
You claw the orc wizard!
You kill the orc wizard!
Makhleb accepts your kill.
You can now summon a lesser servant of Makhleb.
You feel better.
Your Fighting skill increases to level 1!
The orc hits you with a club. You block the orc's attack.
You block the orc wizard's attack.
Use which ability? (? or * to list)
Okay, then.
Use which ability? (? or * to list)
A demon appears!
You can no longer summon a lesser servant of Makhleb.
The orc hits you with a club. The orc wizard closely misses you.
Unknown command.
Unknown command.
You scratch the orc.
The orc is lightly wounded.
You block the orc's attack. The orc closely misses you.
The orc wizard hits you with a dagger. You block the orc's attack.
Unknown command.
You closely miss the orc.
The orc is lightly wounded.
Your ynoxinul barely misses the orc.
The orc barely misses you.
The orc wizard mumbles some strange words.
The orc wizard blinks!
The orc hits you but does no damage.
You are poisoned.
The orc barely misses you.
You scratch the orc.
You kill the orc!
Makhleb accepts your kill.
You feel sick. The orc closely misses you. You block the orc's attack.
Unknown command.
You claw the orc!
You kill the orc!
Makhleb accepts your kill.
You can now summon a lesser servant of Makhleb.
You feel better. You block the orc's attack.
Unknown command.
You scratch the ogre but do no damage.
You feel sick. The ogre barely misses you.
Your ynoxinul barely misses the orc.
The orc barely misses you.
Unknown command.
You scratch the ogre.
The ogre is lightly wounded.
Your ynoxinul misses the orc. The ogre barely misses you.
You block the orc wizard's attack.
Unknown command.
You scratch the ogre.
The ogre is moderately wounded.
You feel sick.
The orc hits you with a dagger of venom.
You are more poisoned.
Your ynoxinul barely misses the orc.
You block the orc wizard's attack.
Unknown command.
You scratch the ogre.
The ogre is moderately wounded.
You feel sick. The orc barely misses you. The ogre hits you with a giant club!
Your ynoxinul hits the orc.
Unknown command.
You scratch the ogre.
The ogre is heavily wounded.
You feel sick. The orc wizard closely misses you. You block the orc's attack.
The ogre hits you with a giant club.
Your ynoxinul hits the orc!
The orc dies!
Makhleb accepts your kill.
Unknown command.
You claw the ogre!
The ogre is severely wounded.
You feel sick.
The orc wizard hits you but does no damage.
Unknown command.
You scratch the ogre.
The ogre is severely wounded.
You feel sick.
Your ynoxinul gestures.
The ogre hits you with a giant club!!
Ouch! That really hurt!
You die...

You could see an ogre, an orc wizard, a friendly ynoxinul and 2 friendly ufetubi.

Vanquished Creatures
  4 elf zombies (Ossuary)
  A human zombie (Ossuary)
  An orc priest (D:4)
  A centaur zombie (Ossuary)
  2 orc wizards (D:4)
  A worker ant (D:4)
  2 big kobold zombies (Ossuary)
  3 mummies (Ossuary)
  Robin (D:4)
  3 adders
  An ooze (D:3)
  2 adder zombies (Ossuary)
  A worm (D:2)
  5 dart slugs
  3 leopard geckos
  3 orcs
  6 bats
  4 giant cockroaches
  A gnoll zombie (Ossuary)
  14 goblins
  8 hobgoblins
  2 jackals (D:1)
  5 kobolds
  2 quokkas (D:4)
  A ball python skeleton (D:4)
  8 frilled lizards
  4 goblin zombies (Ossuary)
  6 hobgoblin zombies (Ossuary)
  3 jackal zombies (Ossuary)
  A kobold zombie (Ossuary)
  An orc zombie (Ossuary)
  4 quokka zombies (Ossuary)
  9 rats
  5 rat zombies (Ossuary)
118 creatures vanquished.

Vanquished Creatures (collateral kills)
  An orc (D:4)
1 creature vanquished.

Grand Total: 119 creatures vanquished

Action                   |  1- 3 |  4- 6 |  7- 9 || total
-------------------------+-------+-------+-------++-------
Melee: Unarmed           |   136 |   177 |    99 ||   412
       Punch             |       |     4 |       ||     4
Invok: Lesser Servant of |       |       |     1 ||     1
 Stab: Sleeping          |     1 |     3 |     3 ||     7
  Eat: Chunk             |    12 |    11 |    13 ||    36
       Royal jelly       |     1 |       |       ||     1
Armor: Robe              |    41 |    44 |    18 ||   103
Dodge: Dodged            |    77 |    80 |    41 ||   198
Block: Other             |     7 |    32 |    17 ||    56

Vault maps used:
D:1:      minmay_arrival_radiant_lines, minmay_misc_feat_tiny
D:2:      amethyst_overflow_temple_binary, lemuel_round_altar,
          kennysheep_okawaru_gauntlet
D:3:      kennysheep_six_static_rooms, grunt_temple_overflow_opulence
D:4:      first_bread, nicolae_ossuary_entry_plus, uniq_robin
Ossuary:  minmay_ossuary_two_tombs
